 Dungeon Crawl Stone Soup version 0.18-a0-1797-gc18daef (webtiles) character file.

158 M4edhros the Sneak (level 5, -5/33 HPs)
             Began as an Octopode Artificer on Apr 23, 2016.
             Slain by an iguana (13 damage)
             ... on level 4 of the Dungeon.
             The game lasted 00:01:21 (1145 turns).

M4edhros the Sneak (Octopode Artificer)             Turns: 1145, Time: 00:01:21

Health: -5/33      AC:  1    Str:  9 (10) XL:     5   Next: 40%
Magic:  7/7        EV: 12    Int: 15      God:
Gold:   74         SH:  0    Dex: 13      Spells: 0 memorised, 4 levels left

rFire  . . .     SeeInvis .     a - +0 short sword
rCold  . . .     Gourm    .     (no shield)
rNeg   . . .     Faith    .     (helmet restricted)
rPois  .         Spirit   .     (no amulet)
rElec  +         Dismiss  .     (no ring)
rCorr  .         Reflect  .     (no ring)
SustAt .         Harm     .     (no ring)
MR     .....     Rnd*Rage +     (no ring)
Stlth  +++++.....               (no ring)
                                (no ring)
                                (no ring)
                                (no ring)

@: not resistant to hostile enchantments, quite stealthy
A: almost no armour, amphibious, 8 rings, constrict 8, camouflage 1, berserk 1,
deterioration 1, electricity resistance, gelatinous body 1
a: no special abilities


You were on level 4 of the Dungeon.
You were not hungry.

You visited 1 branch of the dungeon, and saw 4 of its levels.

You collected 74 gold pieces.

Inventory:

Hand Weapons
 a - a +0 short sword (weapon)
Missiles
 j - 2 silver javelins (quivered)
Wands
 b - a wand of flame (10/48)
 c - a wand of enslavement (14/24)
 d - a wand of random effects (13/48)
Scrolls
 e - a scroll of enchant weapon {unknown}
 g - a scroll of random uselessness {unknown}
 k - a scroll of amnesia {unknown}
 l - a scroll of fog {unknown}
Potions
 i - a potion of degeneration
Comestibles
 f - a bread ration
 h - 3 fruits
 m - a meat ration
 n - 5 chunks of flesh
 o - a beef jerky


   Skills:
 - Level 1.0 Fighting
 - Level 1.0 Short Blades
 - Level 2.0 Dodging
 + Level 7.3 Stealth
 - Level 3.2 Evocations


You had 4 spell levels left.
You didn't know any spells.

Dungeon Overview and Level Annotations

Branches:
Dungeon (4/15)
 Temple: D:4-7

Altars:


Innate Abilities, Weirdness & Mutations

You cannot wear most types of armour.
You are amphibious.
You can wear up to eight rings at the same time.
You can use your tentacles to constrict eight enemies at once.
Your skin changes colour to match your surroundings (Stealth).
Your rubbery body absorbs attacks (AC +1).
You tend to lose your temper in combat.
Your body sometimes deteriorates upon taking damage.
You are resistant to electric shocks.


Message History

The iguana bites your worker ant!
Your worker ant dies!
Evoke which item? (* to show all) (? for menu, Esc to quit)
Zapping:
b - a wand of flame (11/48)
Press: ? - help, Shift-Dir - straight line, f - iguana
Aim: an iguana (moderately wounded)
The puff of flame hits the iguana.
The iguana is heavily wounded.
This wand has 10 charges left.
The iguana bites you!
You completely miss the iguana. Your grab misses the iguana.
You squeeze the iguana.
The iguana is severely wounded.
The iguana bites you.
* * * LOW HITPOINT WARNING * * *
Your body deteriorates!
You feel weakened.
You barely miss the iguana. You grab the iguana.
The iguana is severely wounded.
You constrict the iguana, but do no damage.
The iguana bites you!
You die...

.# #.....# ......# .#
#.....# ......#
.##########'#######......#
##.....#.....#...#........
...>...#.....#...#........
.......#.....#...#........
.......#.....#...#........
.......#.....#...l........
.......#.....#..@#........
########.....##'##........
..........................
..........................
.........................S
..........................
.........................
........................
........................


You could see an iguana.

Vanquished Creatures
  An ogre (D:4)
  An iguana (D:4)
  2 adders
  An ooze (D:1)
  The ghost of macross the Sneak, a weakling SpAs (D:4)
  A giant gecko (D:1)
  A giant cockroach (D:1)
  3 goblins (D:1)
  3 hobgoblins (D:1)
  2 jackals (D:1)
  2 kobolds
  A quokka (D:4)
  3 rats
22 creatures vanquished.

Vanquished Creatures (others)
  A worker ant (D:4)
1 creature vanquished.

Grand Total: 23 creatures vanquished

Notes
Turn   | Place    | Note
--------------------------------------------------------------
     0 | D:1      | M4edhros the Octopode Artificer began the quest for the Orb.
     0 | D:1      | Reached XP level 1. HP: 13/13 MP: 3/3
    17 | D:1      | Reached skill level 2 in Stealth
    84 | D:1      | Reached XP level 2. HP: 18/18 MP: 4/4
    89 | D:1      | Reached skill level 3 in Stealth
   613 | D:1      | Reached skill level 4 in Stealth
   696 | D:2      | Reached XP level 3. HP: 18/23 MP: 5/5
   903 | D:4      | Noticed an ogre
   906 | D:4      | Gained mutation: You are resistant to electric shocks. [potion of mutation]
   906 | D:4      | Gained mutation: You tend to lose your temper in combat. [potion of mutation]
   906 | D:4      | Gained mutation: Your body sometimes deteriorates upon taking damage. [potion of mutation]
   927 | D:4      | Killed an ogre
   927 | D:4      | Reached skill level 6 in Stealth
   927 | D:4      | Reached XP level 4. HP: 13/28 MP: 6/6
   927 | D:4      | Reached XP level 5. HP: 16/33 MP: 7/7
   976 | D:4      | Noticed macross's ghost (weakling SpAs)
   997 | D:4      | Killed macross's ghost
   997 | D:4      | Reached skill level 7 in Stealth
  1145 | D:4      | Slain by an iguana

Vault maps used:
D:1:      minmay_arrival_up_and_down
D:2:      wad_woods_pond, ecumenical_altar_2, serial_glass, glass_columns_b,
          glass_columns_c
D:3:      uniq_natasha
D:4:      black_bear_nest_1

Skill      XL: |  1  2  3  4  5 |
---------------+----------------+-----
Stealth        | 2 4 6 7 |  7.3
Fighting       | |  1.0
Short Blades   | |  1.0
Dodging        | |  2.0
Evocations     | |  3.2

Action                   |  1- 3 |  4- 6 || total
-------------------------+-------+-------++-------
Melee: Short sword       |    52 |    18 ||    70
       Tentacles         |     7 |     4 ||    11
       Constrict         |     8 |     3 ||    11
Evoke: Wand              |     1 |     7 ||     8
  Use: Potion            |     4 |       ||     4
 Stab: Sleeping          |     6 |       ||     6
  Eat: Chunk             |       |     1 ||     1
Armor: Skin              |     5 |     1 ||     6
Dodge: Dodged            |    28 |    12 ||    40
